 Dungeon Crawl Stone Soup version 0.30.1-3-gfc49f6343a (webtiles) character file.

Game seed: 1971190626630363337

105 croobank the Ducker (level 4, -1/33 HPs)
             Began as an Octopode Monk on July 20, 2023.
             Killed by divine providence
             ... invoked by an orc priest
              (10 damage)
             ... on level 3 of the Dungeon.
             The game lasted 00:21:11 (2118 turns).

croobank the Ducker (Octopode Monk)                 Turns: 2118, Time: 00:21:12

Health: -1/33      AC:  1    Str: 10    XL:     4   Next: 83%
Magic:  4/4        EV: 14    Int: 14    God:
Gold:   112        SH:  0    Dex: 14    Spells: 3/3 levels left

rFire   . . .        a - +1 short sword
rCold   . . .        (no shield)
rNeg    . . .        (helmet restricted)
rPois   .            (no amulet)
rElec   .            i - ring of wizardry
rCorr   .            (no ring)
SInv    .            (no ring)
Will    .....        (no ring)
Stlth   ++           (no ring)
HPRegen 0.25/turn    (no ring)
MPRegen 0.09/turn    (no ring)
                     (no ring)

%: wizardry (x1)
@: no status effects
A: almost no armour, amphibious, 8 rings, camouflage 1, gelatinous body 1,
(nimble swimmer 1), tentacles
a: no special abilities


You were on level 3 of the Dungeon.
You visited 1 branch of the dungeon, and saw 4 of its levels.

You collected 112 gold pieces.

Inventory:

Hand Weapons
 a - a +1 short sword (weapon)
 j - a +2 whip of electrocution
Missiles
 m - 6 javelins
 r - 4 poisoned darts (quivered)
Armour
 c - an orb of light
Jewellery
 i - a ring of wizardry (left tentacle)
Scrolls
 g - a scroll of poison {unknown}
 l - a scroll of enchant armour
 p - a scroll of fog
Potions
 b - a potion of ambrosia
 d - a potion of lignification
 e - a potion of magic
 h - a potion of resistance
 k - 2 potions of brilliance {unknown}
 n - a potion of invisibility {unknown}
 o - a potion of might {unknown}
 q - 3 potions of curing {unknown}
 t - a potion of degeneration {unknown}
 v - a potion of attraction {unknown}
 w - a potion of mutation {unknown}


   Skills:
 + Level 3.9 Fighting
 + Level 3.9 Short Blades
 + Level 3.9 Dodging


You had 3 spell levels left.
You didn't know any spells.
Your spell library contained the following spells:

 Spells                   Type           Power      Damage    Failure   Level
 Confusing Touch          Hex            0%         N/A       32%         3
 Cause Fear               Hex            0%         N/A       71%         4
 Iskenderun's Mystic Bla  Conj/Tloc      0%         2d3       71%         4
 Leda's Liquefaction      Hex/Erth       0%         N/A       71%         4
 Passage of Golubria      Tloc           0%         N/A       71%         4


Dungeon Overview and Level Annotations

Branches:
Dungeon (4/15)
 Temple: D:4-7

Altars:

Shops:
D:2 [


Innate Abilities, Weirdness & Mutations

You cannot wear most types of armour.
You are amphibious.
You can wear up to eight rings at the same time.
Your skin changes colour to match your surroundings (Stealth+).
Your rubbery body absorbs attacks. (AC +1, EV +1)
((You are camouflaged when in or above water. (Stealth+)))
You have tentacles for arms and can constrict up to eight enemies at once.


Message History

You kill the rat!
No target in view!
No target in view!
A bat is nearby!
You hit the bat. Your grab misses the bat.
The bat is severely wounded.
The bat barely misses you.
You closely miss the bat. Your grab misses the bat.
The bat is severely wounded.
The bat barely misses you. The bat hits you but does no damage.
The bat barely misses you. x2
You hit the bat.
You kill the bat!
You see here a +0 club.
The orc priest shouts!
You hear a shout!
The orc priest invokes the aid of Beogh against you.
Beogh smites you!
The orc priest begins to cast a cantrip, but forgets the words!
The orc priest mumbles some strange prayers to Beogh against you.
Beogh smites you!
* * * LOW HITPOINT WARNING * * *
You are too injured to fight recklessly!
You are too injured to fight recklessly!
You hit the orc priest. You grab the orc priest.
The orc priest is moderately wounded.
You constrict the orc priest, but do no damage.
Okay, then.
As you read the scroll of fear, it crumbles to dust.
You assume a fearsome visage.
The orc looks frightened!
The orc priest looks frightened!
You constrict the orc priest.
The orc priest struggles to escape constriction.
You catch the helpless orc priest completely off-guard!
You hit the orc priest.
Your attack snaps the orc priest out of its fear.
The orc priest is heavily wounded.
You constrict the orc priest, but do no damage.
The orc priest mumbles some strange prayers to Beogh against you.
Beogh smites you!
You die...

#.##.)..........# #.##.#
#.###.###....##.# #.##..
#........#.#†##.# #.####
#........#....#.###.#
##(..................#
#......<.)#.......####
#..#.......#.#.).........#
#..........#.###...####..#
#.##.....@.#.# #...# #.
####.o###.# .....# #.
##.....#....... #.
#..#####.....#. #. #o.#
##...## #..# #. #.


You could see an orc priest and an orc (fleeing).

Vanquished Creatures
  3 adders
  3 worms (D:2)
  A dart slug (D:2)
  2 orcs
  4 bats
  5 endoplasms
  4 giant cockroaches
  7 goblins
  3 hobgoblins
  9 jackals
  3 quokkas
  6 ball pythons
  A frilled lizard (D:2)
  4 kobolds
  4 rats
59 creatures vanquished.

Notes
Turn   | Place    | Note
-------+----------+-------------------------------------------
     0 | D:1      | croobank the Octopode Monk began the quest for the Orb.
     0 | D:1      | Reached XP level 1. HP: 16/16 MP: 1/1
   214 | D:1      | Reached XP level 2. HP: 20/21 MP: 2/2
   537 | D:1      | Reached XP level 3. HP: 26/26 MP: 3/3
   950 | D:2      | Reached XP level 4. HP: 26/33 MP: 4/4
  1199 | D:2      | Found Eqatoal's Armour Boutique.
  1768 | D:3      | Got the Disquisition on Charmed Position
  2118 | D:3      | Killed from afar by an orc priest

Illustrated notes

Levels and vault maps discovered:
D:1:      lemuel_arrival_river_ford, layout_basic
D:2:      layout_loops_ring, serial_shops, nicolae_shop_real_fake_doors,
          kennysheep_big_empty_room, serial_bayou_pond_b
D:3:      layout_loops_ring, ebering_ghost_disaster_area
D:4:      layout_rooms, minmay_temple_entry_poolview, uniq_robin

Action                     |  1- 3 |  4- 6 || total
---------------------------+-------+-------++-------
  Melee: Short sword       |    84 |    66 ||   150
         Constrict         |    19 |    12 ||    31
         Tentacles         |    17 |    11 ||    28
         Punch             |     1 |     1 ||     2
    Use: Scroll            |       |    12 ||    12
   Stab: Sleeping          |     6 |     3 ||     9
         Fleeing           |       |     1 ||     1
 Armour: Skin              |     1 |     2 ||     3
  Dodge: Dodged            |    51 |    41 ||    92
